AoeStats
← eugenioragni1

Hill Fort

506639952Analyzed
4v4 RM · 16d ago on Sep 14, 2026· 40m 44s· 8 players
Game mode
Random Map
Map size
Large (8 player)
Population
200
Speed
Normal
Resources
Standard
Victory
Conquest
Starting age
Dark Age
Ending age
Imperial Age
RankedLock teamsTeams togetherTeam positionsShared explorationLock speedFull tech treeHidden civsTurbo modeCheats
Victory
Defeat
🇦🇺 Burgundians · Australia
911
+12
🇦🇺 Britons · Australia
837
+23
797
+16
🇷🇺 Celts · Russia
761
+18
🇮🇹 Wei · Italy
825
-16
🇬🇧 Huns · United Kingdom
823
-16
🇵🇷 Persians · Puerto Rico
813
-15
🇹🇷 Burmese · Türkiye
771
-14
yamir0000
7:15 Loom
12:30 Feudal Age
12:56 Double-Bit Axe
17:53 Wheelbarrow
20:56 Castle Age
19:37 Horse Collar
22:32 Bow Saw
23:03 Heavy Plow
22:57 Gold Mining
22:58 Stone Mining
23:08 Fishing Lines
27:57 Imperial Age
26:00 Hand Cart
25:51 Gillnets
26:16 Scale Barding Armor
29:23 Kamandaran
29:45 Conscription
32:28 Two-Man Saw
30:58 Crossbowman
31:38 Fletching
32:16 Forging
32:40 Chain Barding Armor
32:24 Padded Archer Armor
32:31 Bodkin Arrow
34:01 Iron Casting
34:39 Elite War Elephant
36:11 Plate Barding Armor
38:18 Devotion
38:41 Ballistics
39:22 Chemistry
38:23 Heated Shot
adz0615
13:23 Feudal Age
18:02 Castle Age
16:09 Double-Bit Axe
17:15 Gold Mining
17:17 Stone Mining
20:06 Bow Saw
23:04 Gold Shaft Mining
38:58 Imperial Age
39:02 Cavalier
39:43 Husbandry
40:26 Wheelbarrow
39:20 Elite Tarkan
40:31 Conscription
eugenioragni1
9:53 Feudal Age
12:10 Double-Bit Axe
14:18 Wheelbarrow
20:44 Castle Age
18:56 Horse Collar
20:28 Stone Mining
29:39 Gold Mining
33:32 Tuntian
35:12 Forging
35:09 Scale Barding Armor
36:29 Fletching
36:40 Padded Archer Armor
37:35 Bodkin Arrow
38:10 Leather Archer Armor
41:36 Imperial Age
Madness
6:05 Loom
12:06 Feudal Age
21:12 Castle Age
19:26 Horse Collar
20:46 Gold Mining
26:47 Heavy Plow
28:01 Scale Barding Armor
31:18 Gold Shaft Mining
31:14 Chain Barding Armor
34:07 Stone Mining
I QUIT FOR THE SICK MAP
11:14 Feudal Age
14:53 Castle Age
13:35 Double-Bit Axe
13:38 Horse Collar
16:36 Bow Saw
25:20 Wheelbarrow
29:27 Imperial Age
26:43 Loom
29:35 Scale Barding Armor
29:41 Forging
29:44 Heavy Plow
30:35 Hand Cart
30:42 Chain Barding Armor
30:34 Bloodlines
30:26 Husbandry
30:40 Elite Steppe Lancer
32:19 Gold Mining
34:52 Plate Barding Armor
36:29 Iron Casting
40:07 Blast Furnace
40:27 Guilds
41:31 Two-Man Saw
41:03 Crop Rotation
Socom
13:07 Feudal Age
11:29 Loom
18:43 Castle Age
17:01 Double-Bit Axe
17:48 Horse Collar
18:27 Bow Saw
23:45 Wheelbarrow
25:08 Hand Cart
27:08 Hand Cart
30:49 Town Watch
32:22 Scale Barding Armor
32:28 Forging
35:12 Imperial Age
32:32 Town Watch
34:18 Treadmill Crane
34:52 Masonry
34:55 Fortified Wall
34:42 Pikeman
35:21 Elite Coustillier
37:54 Chain Barding Armor
38:09 Iron Casting
39:23 Plate Barding Armor
40:35 Chemistry
40:06 Architecture
40:02 Conscription
KSroido
7:48 Loom
10:27 Feudal Age
16:39 Castle Age
20:56 Husbandry
21:16 Town Watch
24:28 Double-Bit Axe
24:25 Horse Collar
28:52 Wheelbarrow
30:49 Forging
37:46 Imperial Age
36:37 Devotion
37:02 Sanctity
36:54 Fervor
37:30 Town Patrol
37:53 Bow Saw
38:50 Hand Cart
40:46 Faith
SlayQueen
13:24 Feudal Age
18:19 Castle Age
16:27 Horse Collar
16:42 Double-Bit Axe
17:23 Stone Mining
18:32 Wheelbarrow
17:44 Loom
19:30 Bow Saw
19:25 Heavy Plow
26:09 Gold Mining
27:06 Hand Cart
31:56 Imperial Age
29:21 Fletching
29:32 Padded Archer Armor
29:18 Pikeman
30:00 Squires
30:49 Ballistics
30:26 Murder Holes
31:06 Gambesons
31:46 Masonry
31:39 Bodkin Arrow
31:57 Forging
31:48 Scale Mail Armor
33:13 Conscription
33:44 Gold Shaft Mining
34:08 Hoardings
34:09 Yeomen
35:30 Leather Archer Armor
35:16 Bracer
35:15 Halberdier
36:19 Chain Mail Armor
36:42 Iron Casting
36:51 Elite Longbowman
38:50 Warwolf
39:38 Bracer
40:11 Ring Archer Armor
40:45 Two-Man Saw
Connection lost

Rejoining the realm…

Still unreachable

The connection could not be restored.

Session expired

The server has moved on; the page needs a fresh start.